 Dungeon Crawl Stone Soup version 0.15.2 (webtiles) character file.

339 JackS81 the Spear-Bearer (level 6, -1/47 HPs)
             Began as a Merfolk Death Knight on Aug 18, 2017.
             Was a Believer of Yredelemnul.
             Slain by JackS81's ghost (2 damage)
             ... on Level 4 of the Dungeon on Aug 19, 2017.
             The game lasted 00:13:11 (2466 turns).

JackS81 the Spear-Bearer (Merfolk Death Knight)     Turns: 2466, Time: 00:13:12

HP  -1/47        AC 11     Str 15      XL: 6   Next: 55%
MP   9/9         EV  6     Int 11      God: Yredelemnul [**....]
Gold 227         SH  0     Dex 13      Spells:  0 memorised,  5 levels left

rFire  + . .     SeeInvis .     a - +1 spear
rCold  . . .     Clarity  .     j - +0 chain mail {rF+}
rNeg   + . .     rCorr    .     (no shield)
rPois  .         rRot     .     z - +1 helmet
rElec  .         Spirit   .     (no cloak)
SustAb .         Warding  .     e - +0 pair of gloves
rMut   .         Stasis   .     (no boots)
Gourm  .                        (no amulet)
MR     .....                    (no ring)
                                r - ring of positive energy

@: not resistant to hostile enchantments, extremely unstealthy
A: change form in water, swift swim
a: Animate Remains, Recall Undead Slaves, Injury Mirror, Renounce Religion


You were on level 4 of the Dungeon.
You worshipped Yredelemnul.
Yredelemnul was pleased with you.
You were very hungry.

You visited 1 branch of the dungeon, and saw 4 of its levels.

You collected 227 gold pieces.

Inventory:

Hand weapons
 a - a +1 spear (weapon)
Missiles
 g - 24 bolts
 i - 15 arrows
 l - 5 poisoned arrows
 p - 14 poisoned needles
 y - 19 sling bullets
Armour
 b - a +0 leather armour
 e - a +0 pair of gloves (worn)
 j - a +0 chain mail of fire resistance (worn)
 z - a +1 helmet (worn)
Comestibles
 c - 3 bread rations
 f - 3 meat rations
 v - a beef jerky
 E - 2 fruits
Scrolls
 h - a scroll of fog {unknown}
 k - 5 scrolls of teleportation
 m - 2 scrolls of remove curse {unknown}
 n - a scroll of amnesia {unknown}
 o - a scroll of enchant armour {unknown}
 t - a scroll of blinking {unknown}
 u - a scroll of enchant weapon {unknown}
 w - 2 scrolls of identify {unknown}
Jewellery
 r - a ring of positive energy (left hand)
 x - an uncursed amulet of clarity {unknown}
Potions
 q - a potion of magic {unknown}
 s - a potion of heal wounds {unknown}
 B - a potion of poison {unknown}


   Skills:
 + Level 3.0 Fighting
 * Level 9.3 Polearms
 - Level 0.6 Armour
 - Level 1.3 Dodging
 - Level 3.0 Invocations


You had 5 spell levels left.
You didn't know any spells.

Dungeon Overview and Level Annotations

Branches:
Dungeon (4/15)
 Temple: D:4-7

Altars:

Annotations:
D:4 JackS81's ghost, average MfDK


Message History

JackS81's ghost is severely damaged.
You hit JackS81's ghost.
JackS81's ghost is severely damaged.
JackS81's ghost hits you.
* * * LOW HITPOINT WARNING * * *
You hit JackS81's ghost but do no damage.
JackS81's ghost is severely damaged.
JackS81's ghost hits you.
* * * LOW HITPOINT WARNING * * *
Your chain mail prevents you from hitting JackS81's ghost.
JackS81's ghost is severely damaged.
You puncture JackS81's ghost!
JackS81's ghost is almost destroyed.
JackS81's ghost hits you.
* * * LOW HITPOINT WARNING * * *
You closely miss JackS81's ghost.
JackS81's ghost is almost destroyed.
JackS81's ghost hits you.
You die...
Your body rises from the dead as a mindless zombie.

#........#.#
#........#.#
#........#.#
#######........#.#
........<.......>#
........#.######.#
......##.# #.#
#####. #.# #.# #
#.# #@# ..# #W#
..# #.#
.........[.......
#.######.#####..
#.# #.# #.# #.#


You could see JackS81's ghost.

Vanquished Creatures
  Prince Ribbit (D:4)
  Ijyb (D:2)
  4 adders
  4 worms
  5 giant geckos
  2 orcs (D:3)
  5 bats
  5 giant cockroaches
  16 hobgoblins
  A quokka (D:2)
  4 giant newts
  5 goblins (D:2)
  7 kobolds
  10 rats
70 creatures vanquished.

Vanquished Creatures (collateral kills)
  A bat (D:2)
  A rat (D:2)
2 creatures vanquished.

Vanquished Creatures (others)
  An adder zombie (D:4)
  A giant cockroach zombie (D:2)
  2 hobgoblin zombies
  A rat zombie (D:2)
5 creatures vanquished.

Grand Total: 77 creatures vanquished

Notes
Turn   | Place    | Note
--------------------------------------------------------------
     0 | D:1      | JackS81, the Merfolk Death Knight, began the quest for the Orb.
     0 | D:1      | Reached XP level 1. HP: 16/16 MP: 2/2
   159 | D:1      | Reached skill level 4 in Polearms
   159 | D:1      | Reached XP level 2. HP: 11/22 MP: 3/3
   910 | D:2      | Reached skill level 5 in Polearms
   910 | D:2      | Reached XP level 3. HP: 20/27 MP: 5/5
  1002 | D:2      | Acquired Yredelemnul's second power
  1101 | D:2      | Reached skill level 6 in Polearms
  1191 | D:2      | Reached XP level 4. HP: 29/33 MP: 6/6
  1200 | D:2      | Noticed Ijyb
  1240 | D:2      | Killed Ijyb
  1516 | D:3      | Reached skill level 7 in Polearms
  1717 | D:3      | Reached XP level 5. HP: 38/38 MP: 8/8
  2376 | D:4      | Noticed Prince Ribbit
  2420 | D:4      | Noticed JackS81's ghost (average MfDK)
  2434 | D:4      | Killed Prince Ribbit
  2434 | D:4      | Reached skill level 9 in Polearms
  2434 | D:4      | Reached XP level 6. HP: 13/47 MP: 9/9
  2465 | D:4      | HP: 1/47 [JackS81's ghost (3)]
  2466 | D:4      | Slain by JackS81's ghost

Action                   |  1- 3 |  4- 6 || total
-------------------------+-------+-------++-------
Melee: Spear             |   168 |   193 ||   361
Invok: Animate Remains   |     5 |     4 ||     9
       Injury Mirror     |       |     2 ||     2
  Use: Scroll            |     1 |       ||     1
       Potion            |       |     2 ||     2
 Stab: Distracted        |     2 |     1 ||     3
  Eat: Chunk             |     1 |     4 ||     5
